 Dungeon Crawl Stone Soup version 0.23.2-1-ga50397a (webtiles) character file.

Game seed: 980973168574964011

7303 Luthien the Thaumaturge (level 10, -5/56 HPs)
             Began as a Deep Elf Wizard on Apr 21, 2019.
             Was a Believer of Vehumet.
             Slain by an unseen horror (9 damage)
             ... on level 12 of the Dungeon.
             The game lasted 01:47:09 (17285 turns).

Luthien the Thaumaturge (Deep Elf Wizard)          Turns: 17285, Time: 01:47:10

Health: -5/56      AC: 10    Str:  9    XL:     10   Next: 90%
Magic:  18/29      EV: 19    Int: 24    God:    Vehumet [**....]
Gold:   667        SH:  6    Dex: 23    Spells: 29/35 levels left

rFire    . . .     SeeInvis .   y - +4 hunting sling
rCold    . . .     Gourm    +   M - +0 buckler
rNeg     . . .     Faith    .   O - +3 leather armour of Viuguipt {*Corrode rElec Dex+7}
rPois    .         Spirit   .   w - +2 hat
rElec    +         Reflect  .   z - scarf {repulsion}
rCorr    .         Harm     .   (no gloves)
MR       +....                  L - +1 pair of boots {Stlth+}
Stlth    +++++.....             s - amulet of the gourmand
HPRegen  0.18/turn              p - +5 ring of strength
MPRegen  0.21/turn              J - +4 ring of evasion

@: repel missiles
A: no striking features
a: Renounce Religion


You were on level 12 of the Dungeon.
You worshipped Vehumet.
Vehumet was pleased with you.
You were very full.

You visited 2 branches of the dungeon, and saw 13 of its levels.

You collected 667 gold pieces.

Inventory:

Hand Weapons
 b - a +0 long sword
 u - a +0 dagger of speed
 y - a +4 hunting sling (weapon)
Missiles
 o - 269 stones (quivered)
 r - 29 bolts
 N - 151 arrows
 P - 56 sling bullets
Armour
 a - a +2 pair of boots
 i - a +0 robe
 j - a +0 leather armour of fire resistance
 l - a +0 scale mail of fire resistance
 m - a +0 helmet
 w - a +2 hat (worn)
 z - a scarf of repulsion (worn)
 C - a scarf of repulsion
 L - a +1 pair of boots of stealth (worn)
 M - a +0 buckler (worn)
 O - the +3 leather armour of Viuguipt (worn) {*Corrode rElec Dex+7}
   (You found it on level 5 of the Dungeon)

   It affects your dexterity (+7).
   It insulates you from electricity.
   It may corrode you when you take damage.
Jewellery
 p - a +5 ring of strength (left hand)
 s - an amulet of the gourmand (around neck)
 J - a +4 ring of evasion (right hand)
 X - an uncursed ring of protection from fire
Wands
 W - a wand of polymorph (19)
Scrolls
 e - 5 scrolls of magic mapping
 g - a scroll of summoning {unknown}
 k - 8 scrolls of remove curse
 n - a scroll of random uselessness {unknown}
 v - a scroll of enchant weapon {unknown}
 x - 2 scrolls of fear
 A - 4 scrolls of identify
 E - a scroll of enchant armour {unknown}
 H - a scroll of immolation {unknown}
 R - a scroll of teleportation
 T - 2 scrolls of fog
 U - a scroll of amnesia {unknown}
Potions
 c - a potion of haste
 q - 3 potions of brilliance
 t - a potion of invisibility
 B - 4 potions of lignification
 D - 2 potions of might
 G - 3 potions of flight
 K - 3 potions of heal wounds
 Y - 2 potions of resistance
Comestibles
 d - 33 rations


   Skills:
 - Level 3.0 Fighting
 - Level 5.0 Dodging
 - Level 6.0 Stealth
 - Level 4.0 Shields
 - Level 13.2 Spellcasting
 - Level 10.0 Conjurations
 - Level 1.1 Summonings
 + Level 2.6 Necromancy
 - Level 1.1 Translocations
 + Level 4.9 Evocations


You had 29 spell levels left.
You knew the following spells:

 Your Spells              Type           Power        Failure   Level  Hunger
a - Magic Dart            Conj           ####         1%          1    None
b - Blink                 Tloc           N/A          4%          2    None
c - Call Imp              Summ           ###.....     4%          2    None
d - Animate Skeleton      Necr           N/A          1%          1    None

Your spell library contained the following spells:

 Spells                   Type           Power        Failure   Level  Hunger
 Dazzling Spray           Conj/Hex       #####.       1%          3    None
 Pain                     Necr           ####         1%          1    None
 Conjure Flame            Conj/Fire      #####...     1%          3    None
 Mephitic Cloud           Conj/Pois/Air  ####....     4%          3    None
 Vampiric Draining        Necr           ####......   5%          3    None
 Slow                     Hex            ###.....     9%          2    None
 Regeneration             Chrm/Necr      ###.......   10%         3    None
 Animate Dead             Necr           N/A          19%         4    None


Dungeon Overview and Level Annotations

Branches:
Dungeon (12/15)            Temple (1/1) D:7             Orc (0/2) D:9
   Lair: D:8-11

Altars:
Ashenzari
Cheibriados
Dithmenos
Elyvilon
Fedhas
Gozag
Hepliaklqana
Kikubaaqudgha
Makhleb
Nemelex Xobeh
Okawaru
Qazlal
Ru
Sif Muna
Trog
Uskayaw
Vehumet
Wu Jian
Xom
Yredelemnul
Zin
The Shining One
Lugonu

Shops:
D:10 *}

Annotations:
D:6 1 runed translucent door, Crazy Yiuf
D:7 need fly
D:8 Erica, Erica
D:10 Sonja


Message History

There is a stone staircase leading up, spattered with blood here.
You feel better. Something hits you.
* * * LOW HITPOINT WARNING * * *
Casting: Call Imp (safe; 4% risk of failure)
Confirm with . or Enter, or press ? or * to list all spells.
You blink.
Something hits you but does no damage.
You closely miss something. Something barely misses you.
Something hits you but does no damage. Something hits you!
* * * LOW HITPOINT WARNING * * *
Something hits you but does no damage.
Unknown command.
Unknown command.
Unknown command.
Unknown command.
Okay, then.
Casting: Blink (safe; 4% risk of failure)
Confirm with . or Enter, or press ? or * to list all spells.
You blink.
Something hits you!
You die...

###
########.##########
#....Q.<#..........
#.#####...#########
#Q###...#...#
#.##..#####.#
#§##....# .#
#.##.##.#.# ######
#{@.....$.# #...##
####.#########.....
##.######.....##.
#...............#
#..####..........
#..####..........
#....##......(..#
#.##5##..#.##.§#.
#...........#.#..


You could see a tengu warrior.

Vanquished Creatures
  2 ugly things
  A gargoyle (D:11)
  Prince Ribbit (D:5)
  4 yaks
  A hungry ghost (D:8)
  Menkaure (D:4)
  A water moccasin (D:10)
  4 sky beasts
  4 orc warriors
  5 ice beasts
  2 necrophages
  2 ogres
  2 phantoms
  4 centaurs
  A big kobold (D:9)
  5 bullfrogs
  5 scorpions
  5 killer bees
  4 wights
  3 howler monkeys
  4 crimson imps
  8 hounds
  3 orc priests
  A centaur skeleton (D:11)
  Jessica (D:2)
  An iguana (D:5)
  6 orc wizards
  5 worker ants
  A hound zombie (D:11)
  A hound skeleton (D:5)
  2 worker ant zombies
  7 gnolls
  15 adders
  4 adder skeletons
  6 worms
  A dart slug (D:1)
  7 leopard geckos
  30 orcs
  7 bats
  2 giant cockroaches (D:1)
  13 goblins
  12 hobgoblins
  6 jackals (D:5)
  A quokka (D:7)
  3 ball pythons
  A frilled lizard (D:3)
  12 kobolds
  7 rats
224 creatures vanquished.

Vanquished Creatures (collateral kills)
  A manticore (D:12)
  A hippogriff (D:12)
  A yak (D:9)
  A water moccasin (D:10)
  An orc warrior (D:6)
  A porcupine (D:10)
  A sky beast (D:9)
  A black bear (D:10)
  An ogre (D:7)
  2 centaurs
  2 bullfrogs
  4 killer bees
  A wight (D:12)
  3 howler monkeys
  3 crimson imps
  4 orc priests
  A centaur skeleton (D:6)
  2 iguanas (D:5)
  An orc wizard (D:11)
  3 worker ants
  5 gnolls
  An adder (D:7)
  A leopard gecko (D:6)
  11 orcs
  A fungus (D:10)
54 creatures vanquished.

Vanquished Creatures (others)
  4 fungi (D:10)
  2 plants (D:10)
6 creatures vanquished.

Grand Total: 284 creatures vanquished

Notes
Turn   | Place    | Note
-------+----------+-------------------------------------------
     0 | D:1      | Luthien the Deep Elf Wizard began the quest for the Orb.
     0 | D:1      | Reached XP level 1. HP: 10/10 MP: 7/7
   305 | D:1      | Reached XP level 2. HP: 15/15 MP: 6/9
   531 | D:1      | Reached skill level 5 in Spellcasting
  1190 | D:2      | Found a sacrificial altar of Ru.
  1191 | D:2      | Found a glowing golden altar of the Shining One.
  1191 | D:2      | Found an ornate altar of the Wu Jian Council.
  1310 | D:2      | Reached XP level 3. HP: 19/19 MP: 9/11
  1563 | D:2      | Noticed Jessica
  1566 | D:2      | Killed Jessica
  1566 | D:2      | Reached XP level 4. HP: 24/24 MP: 8/13
  1990 | D:2      | Reached skill level 6 in Spellcasting
  2286 | D:3      | Found a snail-covered altar of Cheibriados.
  2662 | D:3      | Reached XP level 5. HP: 28/28 MP: 13/15
  3037 | D:4      | Noticed Menkaure
  3261 | D:3      | Learned a level 2 spell: Blink
  3264 | D:3      | Learned a level 2 spell: Call Imp
  3790 | D:4      | Killed Menkaure
  3790 | D:4      | Reached skill level 7 in Spellcasting
  3790 | D:4      | Reached XP level 6. HP: 18/32 MP: 10/18
  3933 | D:4      | Found a deep blue altar of Sif Muna.
  3933 | D:4      | Found a white marble altar of Elyvilon.
  3935 | D:4      | Found a burning altar of Makhleb.
  4281 | D:4      | Reached skill level 5 in Conjurations
  4375 | D:5      | Entered Level 5 of the Dungeon
  4872 | D:5      | Reached skill level 8 in Spellcasting
  4891 | D:5      | Reached XP level 7. HP: 36/36 MP: 11/20
  5120 | D:5      | Got a smoking leather armour
  5631 | D:5      | Reached skill level 9 in Spellcasting
  5807 | D:5      | Identified the +3 leather armour of Viuguipt {*Corrode
                  | rElec Dex+7} (You found it on level 5 of the Dungeon)
  6477 | D:6      | Reached XP level 8. HP: 31/41 MP: 2/23
  6486 | D:6      | Noticed Prince Ribbit
  6640 | D:5      | Killed Prince Ribbit
  6640 | D:5      | Reached skill level 10 in Spellcasting
  7372 | D:6      | Reached skill level 11 in Spellcasting
  7705 | D:6      | Found a runed translucent door.
  7706 | D:6      | Noticed Crazy Yiuf
  8509 | D:7      | Reached XP level 9. HP: 30/45 MP: 9/26
  9350 | D:7      | Found a staircase to the Ecumenical Temple.
  9379 | D:7      | Found a blossoming altar of Fedhas.
  9383 | D:7      | Found a stormy altar of Qazlal.
  9397 | D:7      | Reached skill level 12 in Spellcasting
  9504 | Temple   | Entered the Ecumenical Temple
  9536 | Temple   | Became a worshipper of Vehumet
 10223 | D:7      | Reached skill level 1 in Fighting
 10223 | D:7      | Reached skill level 1 in Shields
 10495 | D:8      | Found an iron altar of Okawaru.
 10895 | D:8      | Reached skill level 10 in Conjurations
 10951 | D:8      | Reached * piety under Vehumet
 10951 | D:8      | Offered knowledge of Sandblast by Vehumet.
 11400 | D:8      | Found a shattered altar of Ashenzari.
 11406 | D:8      | Reached skill level 1 in Evocations
 11891 | D:9      | Noticed Erica
 12183 | D:9      | Found a shadowy altar of Dithmenos.
 12472 | D:9      | Noticed an angel
 12474 | D:9      | Found a shimmering altar of Xom.
 12474 | D:9      | Found a glowing silver altar of Zin.
 12492 | D:9      | Reached XP level 10. HP: 53/53 MP: 16/28
 12941 | D:9      | Found a staircase to the Orcish Mines.
 13118 | D:9      | Offered knowledge of Freeze by Vehumet.
 13332 | D:9      | Reached ** piety under Vehumet
 14176 | D:10     | Entered Level 10 of the Dungeon
 14178 | D:10     | Found Kuebleepn's Gadget Boutique.
 14217 | D:10     | Noticed Sonja
 14715 | D:11     | Reached skill level 13 in Spellcasting
 15103 | D:11     | Reached skill level 5 in Stealth
 15255 | D:11     | Noticed a red ugly thing
 15264 | D:11     | Noticed a white ugly thing
 15291 | D:11     | Noticed a gargoyle
 15636 | D:10     | Found Eciane's General Store.
 15851 | D:11     | Killed a gargoyle
 15851 | D:11     | Reached skill level 5 in Dodging
 16095 | D:11     | Killed a cyan ugly thing
 16095 | D:11     | Offered knowledge of Dazzling Spray by Vehumet.
 16331 | D:11     | Learned a level 1 spell: Animate Skeleton
 16872 | D:12     | Noticed a manticore
 16886 | D:12     | Killed a manticore
 16886 | D:12     | Reached skill level 1 in Necromancy
 17191 | D:12     | Killed a white ugly thing
 17230 | D:12     | Noticed a tengu warrior
 17285 | D:12     | Slain by an unseen horror

Skill      XL: |  1  2  3  4  5  6  7  8  9 10 |
---------------+-------------------------------+-----
Conjurations   | 2 3 4 5 7 9 10 | 10.0
Spellcasting   | 5 6 7 8 9 11 12 13 | 13.2
Fighting       | 2 3 |  3.0
Shields        | 2 4 |  4.0
Evocations     | 2 4 |  4.9
Stealth        | 3 6 |  6.0
Dodging        | 3 5 |  5.0
Necromancy     | 2 |  2.6
Summonings     | |  1.1
Translocations | |  1.1

Action                   |  1- 3 |  4- 6 |  7- 9 | 10-12 || total
-------------------------+-------+-------+-------+-------++-------
Melee: Dagger            |       |       |       |    34 ||    34
       Hunting sling     |       |       |       |     1 ||     1
 Fire: Hunting sling     |     3 |    85 |    19 |    41 ||   148
 Cast: Magic Dart        |    67 |   123 |   492 |   277 ||   959
       Call Imp          |       |    10 |   141 |   113 ||   264
       Blink             |       |       |     8 |    41 ||    49
       Animate Skeleton  |       |       |       |     2 ||     2
Evoke: Wand              |       |       |       |    27 ||    27
  Use: Scroll            |       |     3 |     9 |     6 ||    18
       Potion            |       |       |     4 |     4 ||     8
  Eat: Chunk             |     2 |    10 |    17 |    18 ||    47
       Ration            |       |       |     2 |     1 ||     3
Armor: Robe              |     2 |    17 |     3 |       ||    22
       Leather armour    |       |       |    60 |    80 ||   140
Dodge: Dodged            |     1 |    43 |   231 |   165 ||   440
       Deflected         |       |       |    21 |     4 ||    25
Block: Buckler           |       |       |    60 |    58 ||   118
